 Dungeon Crawl Stone Soup version 0.20-a0-1122-gb7cbeb9 (webtiles) character file.

2 Lochraine the Sneak (level 1, -2/11 HPs)
             Began as an Octopode Enchanter on May 12, 2017.
             Slain by a leopard gecko (3 damage)
             ... on level 1 of the Dungeon.
             The game lasted 00:00:33 (281 turns).

Lochraine the Sneak (Octopode Enchanter)             Turns: 281, Time: 00:00:34

Health: -2/11      AC:  1    Str:  7    XL:     1   Next: 40%
Magic:  2/3        EV: 13    Int: 17    God:
Gold:   0          SH:  0    Dex: 12    Spells: 3/4 levels left

rFire    . . .     SeeInvis .   a - +1 dagger
rCold    . . .     Gourm    .   (no shield)
rNeg     . . .     Faith    .   (helmet restricted)
rPois    .         Spirit   .   (no amulet)
rElec    .         Reflect  .   (no ring)
rCorr    .         Harm     .   (no ring)
MR       .....                  (no ring)
Stlth    +++.......             (no ring)
Regen    0.1/turn               (no ring)
MPRegen  0.1/turn               (no ring)
                                (no ring)
                                (no ring)

@: no status effects
A: almost no armour, stealthy swim, amphibious, 8 rings, constrict 8, camouflage
1, gelatinous body 1
a: no special abilities


You were on level 1 of the Dungeon.
You were not hungry.

You visited 1 branch of the dungeon, and saw 1 of its levels.

Inventory:

Hand Weapons
 a - a +1 dagger (weapon)
Scrolls
 c - a scroll of remove curse {unknown}
Books
 b - a book of Maledictions
Comestibles
 d - a chunk of flesh
 q - a bread ration


   Skills:
 + Level 1.0 Short Blades
 - Level 2.0 Dodging
 + Level 4.1 Stealth
 + Level 2.1 Spellcasting
 + Level 3.0 Hexes


You had 3 spell levels left.
You knew the following spells:

 Your Spells              Type           Power        Failure   Level  Hunger
a - Corona                Hex            ##.....      5%          1    #......


Dungeon Overview and Level Annotations

Branches:
Dungeon (1/15)

Altars:


Innate Abilities, Weirdness & Mutations

You cannot wear most types of armour.
You are very stealthy in the water. (Stealth+)
You are amphibious.
You can wear up to eight rings at the same time.
You can use your tentacles to constrict eight enemies at once.
Your skin changes colour to match your surroundings (Stealth+).
Your rubbery body absorbs attacks. (AC +1, EV +1)


Message History

Found 25 arrows.
Aim: a goblin, wielding a dagger (chance to defeat MR: 64%)
The goblin is outlined in light.
The goblin completely misses you.
You hit the goblin but do no damage. Your grab misses the goblin.
The goblin barely misses you.
You barely miss the goblin. Your grab misses the goblin.
The goblin hits you with a dagger.
You barely miss the goblin. Your grab misses the goblin.
The goblin barely misses you.
You barely miss the goblin. You grab the goblin.
You constrict the goblin, but do no damage.
The goblin stops glowing.
The goblin hits you but does no damage.
You hit the goblin. You constrict the goblin.
The goblin hits you with a dagger.
* * * LOW HITPOINT WARNING * * *
Unknown command.
You are too injured to fight recklessly!
You are too injured to fight recklessly!
You are too injured to fight recklessly!
You hit the goblin.
You kill the goblin!
Things that are here:
a dagger; a goblin corpse You start resting.
You butcher the goblin corpse.
d - a chunk of flesh You see here a dagger. x2
A leopard gecko comes into view.
You start resting.
The leopard gecko is too close now for your liking.
The leopard gecko hisses angrily.
Aim: a leopard gecko (clinging, chance to defeat MR: 66%)
The leopard gecko barely resists.
You hit the leopard gecko but do no damage.
Your grab misses the leopard gecko. The leopard gecko bites you.
You completely miss the leopard gecko. Your grab misses the leopard gecko.
The leopard gecko barely misses you.
You barely miss the leopard gecko. Your grab misses the leopard gecko.
The leopard gecko bites you.
You hit the leopard gecko. Your grab misses the leopard gecko.
Your squeeze misses the leopard gecko. The leopard gecko closely misses you.
You barely miss the leopard gecko. You grab the leopard gecko.
You constrict the leopard gecko. The leopard gecko bites you.
* * * LOW HITPOINT WARNING * * *
The leopard gecko bites you.
* * * LOW HITPOINT WARNING * * *
You release your grip on the leopard gecko.
The leopard gecko bites you.
You die...

#.# #........#
#.####.....(..#
#..)..........#
######........#
#.##.....# #.##.....#
#.##.(...#
#.#################.#
#.........@l....."..#
#####################


You could see a leopard gecko.

Vanquished Creatures
  A frilled lizard (D:1)
  A goblin (D:1)
  A kobold (D:1)
  A rat (D:1)
4 creatures vanquished.

Notes
Turn   | Place    | Note
-------+----------+-------------------------------------------
     0 | D:1      | Lochraine the Octopode Enchanter began the quest for the Orb.
     0 | D:1      | Reached XP level 1. HP: 11/11 MP: 3/3
   281 | D:1      | Slain by a leopard gecko

Vault maps used:
D:1:      dpeg_arrival_rooms_with_view

Action                   || total
-------------------------++-------
Melee: Dagger            ||    17
       Constrict         ||     3
 Cast: Corona            ||     4
Armor: Skin              ||     2
Dodge: Dodged            ||     9
